 Dungeon Crawl Stone Soup version 0.31.0-9-g3a7656b989 (webtiles) character file.

Game seed: 675655863595774741

291 qw the Skirmisher (level 6, -2/35 HPs)
             Began as a Deep Elf Hunter on Feb 2, 2024.
             Slain by a crocodile (6 damage)
             ... in a sewer.
             The game lasted 00:00:43 (1724 turns).

qw the Skirmisher (Deep Elf Hunter)                 Turns: 1724, Time: 00:00:44

Health: -2/35      AC:  6    Str: 10    XL:     6   Next: 10%
Magic:  8/8        EV: 11    Int: 14    God:
Gold:   126        SH:  0    Dex: 18    Spells: 5/5 levels left

rFire   . . .        a - +0 shortbow
rCold   . . .        (shield currently unavailable)
rNeg    . . .        d - +0 ring mail
rPois   .            (no helmet)
rElec   .            (no cloak)
rCorr   .            c - +0 pair of gloves
SInv    .            (no boots)
Will    .....        (no amulet)
Stlth   +            (no ring)
HPRegen 0.25/turn    (no ring)
MPRegen 0.11/turn

%: no passive effects
@: about to teleport, very slow
A: no striking features
a: no special abilities


You were in a sewer.
You visited 1 branch of the dungeon, and saw 4 of its levels.
You also visited: Sewer.

You collected 126 gold pieces.


   Skills:
 - Level 2.0 Fighting
 + Level 9.5 Ranged Weapons
 - Level 2.4 Dodging
 - Level 1.2 Stealth


You had 5 spell levels left.
You didn't know any spells.
Your spell library was empty.

Inventory:

Hand Weapons
 a - a +0 shortbow (weapon)
Armour
 c - a +0 pair of gloves (worn)
 d - a +0 ring mail (worn)
Potions
 i - a potion of mutation {unknown}
 k - a potion of heal wounds

Dungeon Overview and Level Annotations

Branches:
Dungeon (4/15)              Sewer (1/1)
 Temple: D:4-7

Altars:

Shops:
D:4 =


Message History

You enter the shallow water.
Moving in this stuff is going to be slow.
A quokka comes into view.
You shoot an arrow. The arrow misses the quokka.
You shoot an arrow. The arrow hits the quokka.
You kill the quokka!
You see here a quokka corpse.
A crocodile and 2 rats come into view.
The rat squeaks loudly.
You shoot an arrow.
The arrow hits the crocodile but does no damage.
A quokka comes into view.
You shoot an arrow. The arrow hits the crocodile.
The crocodile is lightly wounded.
The crocodile barely misses you.
A rat comes into view.
You shoot an arrow. The rat squeaks loudly.
The arrow hits the crocodile.
The crocodile is moderately wounded.
You hear an angry hiss.
The crocodile bites you!
A quokka comes into view.
You shoot an arrow. The arrow hits the crocodile.
The crocodile is heavily wounded.
The crocodile barely misses you.
You shoot an arrow. The arrow closely misses the crocodile.
The crocodile bites you.
A frilled lizard comes into view.
You shoot an arrow. The arrow hits the crocodile.
The crocodile is severely wounded.
The crocodile bites you.
A sickly merfolk siren comes into view.
The crocodile bites you!
1724 ||| READING scroll of teleportation.
As you read the scroll of teleportation, it crumbles to dust.
You feel strangely unstable.
The rat twitches its whiskers.
The rat closely misses you. The crocodile bites you.
You die...

#### ##~.##
###~~~.#######
#\\~~~~.......
##############
##########~~~~~~~~~~~
#~~r@~~~%~~~~~~%.%..~
#~rl#############..##
#~~~#r #### ~~l~ #.
.m. .. .# ##


You could see a crocodile, a sickly merfolk siren, a quokka, a frilled lizard
and 2 rats.

Vanquished Creatures
  Sigmund (D:3)
  A river rat (Sewer)
  5 adders
  A ribbon worm (D:4)
  5 orcs
  5 bats
  9 endoplasms
  3 giant cockroaches
  8 goblins
  3 hobgoblins
  3 quokkas
  10 ball pythons
  7 frilled lizards
  8 kobolds
  12 rats
81 creatures vanquished.

Notes
Turn   | Place    | Note
-------+----------+-------------------------------------------
     0 | D:1      | qw the Deep Elf Hunter began the quest for the Orb.
     0 | D:1      | Reached XP level 1. HP: 12/12 MP: 3/3
     0 | D:1      | 0 ||| qw: Version: 0.3-a-155-g5e7d8dd
     0 | D:1      | 0 ||| qw: Game counter: 2825
     0 | D:1      | 0 ||| qw: Melee chars always use a shield: true
     0 | D:1      | 0 ||| qw: God list: Okawaru
     0 | D:1      | 0 ||| qw: Allow faded altars: false
     0 | D:1      | 0 ||| qw: Do Orc after clearing Dungeon:15 true
     0 | D:1      | 0 ||| qw: Do second Lair branch before Depths: true
     0 | D:1      | 0 ||| qw: Lair rune preference: random
     0 | D:1      | 0 ||| qw: Goals: Normal
     0 | D:1      | 0 ||| PLANNING D:1-11
    47 | D:1      | Found a faded altar of an unknown god.
    69 | D:1      | Reached XP level 2. HP: 16/16 MP: 4/4
    72 | D:1      | Reached skill level 6 in Ranged Weapons
   406 | D:1      | 406 ||| UPGRADING to +0 ring mail.
   416 | D:1      | 416 ||| DROPPING +0 leather armour.
   417 | D:1      | 417 ||| DROPPING +3 leather armour.
   418 | D:1      | 418 ||| READING scroll labelled MISEDUE NUOCHA.
   419 | D:1      | 419 ||| READING 3 scrolls labelled ITO TIFAFU.
   420 | D:1      | 420 ||| READING 2 scrolls labelled ONWU BEIJO.
   421 | D:1      | 421 ||| READING scroll labelled ITZIHI BOPUDU.
   421 | D:1      | 421 ||| IDENTIFYING bubbling yellow potion
   422 | D:1      | 422 ||| READING scroll labelled PERHUE BUHUM.
   425 | D:1      | 425 ||| DROPPING scroll of butterflies.
   426 | D:1      | 426 ||| DROPPING 2 scrolls of amnesia.
   427 | D:1      | 427 ||| DROPPING scroll of fog.
   456 | D:2      | Reached XP level 3. HP: 20/20 MP: 5/5
   470 | D:2      | HP: 5/20 [poisoned by a goblin]
   576 | D:2      | Identified the +5 hand axe of the Howling Coward {elec,
                  | rPois rF+ MP+9 Str-5}
   650 | D:2      | Reached skill level 7 in Ranged Weapons
   909 | D:2      | Reached XP level 4. HP: 25/25 MP: 6/6
   964 | D:2      | 964 ||| UPGRADING to +0 pair of gloves.
  1111 | D:3      | Noticed Sigmund
  1115 | D:3      | 1115 ||| DRINKING potion of curing.
  1115 | D:3      | 1115 ||| (to cure confusion)
  1138 | D:3      | Killed Sigmund
  1139 | D:3      | Reached skill level 9 in Ranged Weapons
  1139 | D:3      | Reached XP level 5. HP: 22/29 MP: 7/7
  1461 | D:3      | 1461 ||| READING 2 scrolls of identify.
  1461 | D:3      | 1461 ||| IDENTIFYING silvery potion
  1462 | D:3      | 1462 ||| READING scroll of identify.
  1462 | D:3      | 1462 ||| IDENTIFYING emerald potion
  1463 | D:3      | 1463 ||| READING scroll labelled CIMUIX ZANYH.
  1464 | D:3      | 1464 ||| DRINKING 2 ruby potions.
  1465 | D:3      | 1465 ||| DROPPING potion of attraction.
  1466 | D:3      | 1466 ||| DROPPING potion of magic.
  1484 | D:4      | 1484 ||| PLANNING SEWER
  1518 | D:4      | Found Efrat's Jewellery Shop.
  1545 | D:4      | Found a glowing drain.
  1567 | D:4      | Reached XP level 6. HP: 35/35 MP: 8/8
  1568 | Sewer    | Entered a sewer
  1723 | Sewer    | HP: 4/35 [crocodile (11)]
  1724 | Sewer    | 1724 ||| READING scroll of teleportation.
  1724 | Sewer    | Slain by a crocodile

Levels and vault maps discovered:
D:1:      tarquinn_simple_flora_water_d, layout_rooms,
          hellmonk_ecumenical_altar_zigzags
D:2:      layout_rooms, grunt_decor_cap, kennysheep_generic_room_3
D:3:      layout_basic, uniq_sigmund
D:4:      layout_loops_corners, riverfiend_overflow_shadow_ancestor,
          lemuel_doored_altar, cheibrodos_sewer_entry_sluice,
          nicolae_take_the_stairs, uniq_grinder
Sewer:    sewer_sea

Skill      XL: |  1  2  3  4  5 |
---------------+----------------+-----
Ranged Weapons | 6 7 9 |  9.5
Fighting       | 2 |  2.0
Dodging        | |  2.4
Stealth        | |  1.2

Action                     |  1- 3 |  4- 6 || total
---------------------------+-------+-------++-------
   Fire: Shortbow          |   119 |   102 ||   221
    Use: Scroll            |     5 |     4 ||     9
         Potion            |       |     2 ||     2
 Armour: Leather armour    |     3 |       ||     3
         Ring mail         |     9 |    33 ||    42
  Dodge: Dodged            |    22 |    27 ||    49

Table legend:
 A = Non-vault XP
 B = Vault XP
 C = Vault XP percentage of total XP
 D = Non-vault monster count
 E = Vault monster count
 F = Vault count percentage of total count
                 A         B        C        D         E       F
            +---------+---------+-------+---------+---------+-------
      Total |     156 |     260 |  62.5 |      67 |      14 |  17.3
            +---------+---------+-------+---------+---------+-------
        D:1 |      36 |       0 |   0.0 |      25 |       0 |   0.0
        D:2 |      60 |       2 |   3.2 |      23 |       1 |   4.2
        D:3 |      31 |     214 |  87.3 |      12 |       1 |   7.7
        D:4 |      29 |       8 |  21.6 |       7 |       3 |  30.0
      Sewer |       0 |      36 | 100.0 |       0 |       9 | 100.0
            +---------+---------+-------+---------+---------+-------
